 Dungeon Crawl Stone Soup version 0.28.0-49-g6dfe1f597d (webtiles) character file.

Game seed: 5583024554178559647

74 Zeld the Insei (level 4, -4/28 HPs)
             Began as an Octopode Transmuter on May 15, 2022.
             Killed from afar by Sigmund (7 damage)
             ... with a puff of flame
             ... on level 2 of the Dungeon.
             The game lasted 00:01:34 (2323 turns).

Zeld the Insei (Octopode Transmuter)                Turns: 2323, Time: 00:01:35

Health: -4/28      AC:  1    Str: 11    XL:     4   Next: 30%
Magic:  7/8        EV: 13    Int: 15    God:
Gold:   64         SH:  0    Dex: 12    Spells: 2/8 levels left

rFire   . . .      SeeInvis .     - Unarmed
rCold   . . .      Faith    .   (no shield)
rNeg    . . .      Spirit   .   (helmet restricted)
rPois   .          Reflect  .   (no amulet)
rElec   .          Harm     .   (no ring)
rCorr   .          Rampage  .   (no ring)
Will    .....                   (no ring)
Stlth   +++.......              (no ring)
HPRegen 0.09/turn               (no ring)
MPRegen 0.11/turn               (no ring)
                                (no ring)
                                (no ring)

@: no status effects
A: almost no armour, amphibious, 8 rings, camouflage 1, gelatinous body 1,
(nimble swimmer 1), tentacles
a: no special abilities


You were on level 2 of the Dungeon.
You visited 1 branch of the dungeon, and saw 2 of its levels.

You collected 64 gold pieces.

Inventory:

Scrolls
 a - 2 scrolls of enchant weapon {unknown}
 e - a scroll of noise {unknown}
 f - 2 scrolls of vulnerability {unknown}
 h - a scroll of blinking {unknown}
 j - a scroll of teleportation {unknown}
 k - a scroll of identify {unknown}
Potions
 b - a potion of brilliance {unknown}
 c - a potion of haste {unknown}
 d - a potion of might {unknown}
 g - a potion of berserk rage {unknown}
 i - a potion of heal wounds {unknown}


   Skills:
 - Level 1.0 Fighting
 - Level 2.0 Dodging
 + Level 1.7 Stealth
 - Level 3.0 Unarmed Combat
 * Level 2.8 Spellcasting
 * Level 2.8 Transmutations
 + Level 1.1 Ice Magic
 + Level 1.4 Poison Magic


You had 2 spell levels left.
You knew the following spells:

 Your Spells              Type           Power      Damage    Failure   Level
a - Beastly Appendage     Tmut           20%        N/A       6%          1
b - Wereblood             Tmut           10%        N/A       10%         2
c - Spider Form           Tmut/Pois      8%         N/A       26%         3

Your spell library contained the following spells:

 Spells                   Type           Power      Damage    Failure   Level
 Ignite Poison            Fire/Tmut/Pois 6%         N/A       34%         3
 Mephitic Cloud           Conj/Pois/Air  3%         N/A       45%         3
 Ice Form                 Ice/Tmut       8%         N/A       65%         4
 Freezing Cloud           Conj/Ice/Air   1%         6-21      99%         5


Dungeon Overview and Level Annotations

Branches:
Dungeon (2/15)

Altars:

Shops:
D:1 [([[*

Annotations:
D:2 Sigmund


Innate Abilities, Weirdness & Mutations

You cannot wear most types of armour.
You are amphibious.
You can wear up to eight rings at the same time.
Your skin changes colour to match your surroundings (Stealth+).
Your rubbery body absorbs attacks. (AC +1, EV +1)
((You are camouflaged when in or above water. (Stealth+)))
You have tentacles for arms and can constrict up to eight enemies at once.


Message History

The slug dart hits you.
Your Ice Magic skill increases to level 1!
You have reached level 4!
You barely miss the quokka. Your grab misses the quokka.
Your tentacle spike misses the quokka.
The quokka barely misses you.
You closely miss the quokka. Your grab misses the quokka.
You tentacle-slap the quokka.
The quokka is severely wounded.
The quokka closely misses you.
You tentacle-slap the quokka but do no damage.
Your grab misses the quokka.
Your tentacle spike misses the quokka.
The quokka is severely wounded.
The quokka bites you but does no damage.
You tentacle-slap the quokka.
You kill the quokka!
No target in view!
No target in view!
You see here a quokka corpse.
No target in view!
Sigmund the Dreaded comes into view.
He is wielding a +0 scythe.
Your transformation is almost over.
You barely miss Sigmund. You grab Sigmund.
You pierce Sigmund.
You squeeze Sigmund!
Sigmund is heavily wounded.
You constrict Sigmund, but do no damage.
Sigmund hits you with a +0 scythe!
You are too injured to fight recklessly!
You are too injured to fight recklessly!
Unknown command.
You release your grip on Sigmund.
The dart slug launches a dart at you. The slug dart misses you.
Sigmund closely misses you.
Your tentacle spike disappears.
Sigmund screams, "Don't try to resist!"
Sigmund gestures at you while chanting. The magic dart hits you!
* * * LOW HITPOINT WARNING * * *
Sigmund gestures at you while chanting. The puff of flame hits you!
You die...

## #...# #.. #...# #..
##.## #.# ### ###.# #.#
..# #...# #.# #.# #.###
#.. #.# #.# ##. #.# #.#
#. #@# #†# ######.
.######.# #.#####....##
........# #...##......#
.######.# #.#.......[..
#.# #.###........ .####
#@# #.# #........ .....
#.# #.# #.......[
###...##w# #.####......#
.........###.#.####....##


You could see Sigmund and a dart slug.

Vanquished Creatures
  Jessica (D:2)
  An adder (D:2)
  A dart slug (D:2)
  2 bats (D:1)
  An endoplasm (D:2)
  11 giant cockroaches
  4 goblins
  2 hobgoblins
  A quokka (D:2)
  3 ball pythons (D:2)
  A frilled lizard (D:2)
  3 kobolds
  3 rats
34 creatures vanquished.

Notes
Turn   | Place    | Note
-------+----------+-------------------------------------------
     0 | D:1      | Zeld the Octopode Transmuter began the quest for the Orb.
     0 | D:1      | Reached XP level 1. HP: 13/13 MP: 3/3
    11 | D:1      | Found Senizege's Antique Armour Emporium.
    45 | D:1      | Found Hiseesek's Antique Weapon Emporium.
   362 | D:1      | Found Lanur's Antique Armour Emporium.
   369 | D:1      | Reached XP level 2. HP: 17/18 MP: 5/5
   547 | D:1      | Found Revyh's General Store.
   702 | D:1      | Learned a level 2 spell: Wereblood
  1024 | D:1      | Found Jirosis's Antique Armour Emporium.
  1718 | D:2      | Reached skill level 1 in Stealth
  1873 | D:2      | Reached XP level 3. HP: 23/23 MP: 4/6
  1877 | D:2      | Learned a level 3 spell: Spider Form
  1880 | D:2      | Reached skill level 1 in Poison Magic
  1946 | D:2      | Found a faded altar of an unknown god.
  2300 | D:2      | Noticed Jessica
  2306 | D:2      | Killed Jessica
  2307 | D:2      | Reached skill level 1 in Ice Magic
  2307 | D:2      | Reached XP level 4. HP: 19/28 MP: 5/8
  2313 | D:2      | Noticed Sigmund
  2323 | D:2      | Killed from afar by Sigmund

Illustrated notes

Levels and vault maps discovered:
D:1:      shiori_arrival_oz, layout_basic, serial_shops, nicolae_shop_trees,
          nicolae_shop_hallway_stairs, shop, shop_statue, shop, st_stairs_14,
          interstate_on_off, grunt_decor_resistance
D:2:      minmay_roachtagon, layout_loops_ring, serial_aquarium,
          aquarium_bridge_square [aquarium_subvault_bridge,
          aquarium_subvault_wall, aquarium_subvault_wall,
          aquarium_subvault_bridge], aquarium_window_fake,
          aquarium_window_corner, aquarium_view_2d, aquarium_pool_2,
          nicolae_ecumenical_snake_handling, basic_altar, uniq_jessica,
          uniq_sigmund

Skill      XL: |  1  2  3 |
---------------+----------+-----
Stealth        | 1 |  1.7
Poison Magic   | 1 |  1.4
Ice Magic      | 1 |  1.1
Fighting       | |  1.0
Dodging        | |  2.0
Unarmed Combat | |  3.0
Spellcasting   | |  2.8
Transmutations | |  2.8

Action                   |  1- 3 |  4- 6 || total
-------------------------+-------+-------++-------
Melee: Unarmed           |    78 |     5 ||    83
       Constrict         |    26 |     1 ||    27
       Kick              |    17 |     1 ||    18
       Tentacles         |    13 |     1 ||    14
       Punch             |     1 |     1 ||     2
 Cast: Beastly Appendage |    24 |       ||    24
 Stab: Sleeping          |     7 |       ||     7
Armor: Skin              |     5 |     1 ||     6
Dodge: Dodged            |    53 |     4 ||    57
